 Dungeon Crawl Stone Soup version 0.21.1-1-g345015f (webtiles) character file.

105 Pyrotika the Chopper (level 4, -2/38 HPs)
             Began as a Minotaur Gladiator on June 21, 2018.
             Killed from afar by lotte's ghost (7 damage)
             ... with a magic dart
             ... on level 3 of the Dungeon on July 1, 2018.
             The game lasted 00:24:55 (2344 turns).

Pyrotika the Chopper (Minotaur Gladiator)           Turns: 2344, Time: 00:24:56

Health: -2/38      AC:  3    Str: 19    XL:     4   Next: 54%
Magic:  3/3        EV: 12    Int:  5    God:
Gold:   95         SH:  0    Dex: 12    Spells: 3/3 levels left

rFire    . . .     SeeInvis .   a - +0 war axe
rCold    . . .     Gourm    .   (no shield)
rNeg     . . .     Faith    .   b - +0 leather armour
rPois    .         Spirit   .   c - +0 hat
rElec    .         Reflect  .   (no cloak)
rCorr    .         Harm     .   (no gloves)
MR       .....                  (no boots)
Stlth    +.........             (no amulet)
HPRegen  0.12/turn              (no ring)
MPRegen  0.08/turn              (no ring)

@: drained
A: retaliatory headbutt, horns 2
a: no special abilities


You were on level 3 of the Dungeon.
You were not hungry.

You visited 1 branch of the dungeon, and saw 3 of its levels.

You collected 95 gold pieces.

Inventory:

Hand Weapons
 a - a +0 war axe (weapon)
 q - a +1 dagger of venom
Missiles
 d - 3 throwing nets (quivered)
Armour
 b - a +0 leather armour (worn)
 c - a +0 hat (worn)
 p - a cursed +0 chain mail
Scrolls
 g - a scroll of enchant weapon {unknown}
 i - a scroll of magic mapping {unknown}
 k - a scroll of enchant armour {unknown}
 l - a scroll of immolation {unknown}
Potions
 e - a potion of curing {unknown}
 h - a potion of flight {unknown}
 j - a potion of resistance {unknown}
 m - a potion of agility {unknown}
 n - 2 potions of heal wounds {unknown}
 o - a potion of berserk rage {unknown}
Comestibles
 f - 4 rations
 r - a chunk of flesh


   Skills:
 * Level 3.4(2.3) Fighting
 + Level 5.1(4.0) Axes
 - Level 2.0(0.9) Throwing
 + Level 1.7(0.7) Armour
 + Level 3.7(2.7) Dodging
 + Level 0.2(0.0) Stealth


You had 3 spell levels left.
You didn't know any spells.

Dungeon Overview and Level Annotations

Branches:
Dungeon (3/15)

Altars:
Dithmenos

Annotations:
D:3 lotte's ghost, weakling DEWz


Innate Abilities, Weirdness & Mutations

You reflexively headbutt those who attack you in melee.
You have a pair of horns on your head.


Message History

Lotte's ghost is moderately damaged.
Lotte's ghost mumbles some strange words.
Lotte's ghost hits you.
You feel drained.
* * * LOW HITPOINT WARNING * * *
You hit lotte's ghost but do no damage. Your headbutt misses lotte's ghost.
Lotte's ghost is moderately damaged.
Lotte's ghost hits you.
* * * LOW HITPOINT WARNING * * *
You feel drained.
* * * LOW HITPOINT WARNING * * *
The crimson imp summons a swarm of flies.
Lotte's ghost mumbles some strange words.
Lotte's ghost casts a spell.
The crimson imp blinks!
The crimson imp grinds its teeth.
The crimson imp blinks!
The crimson imp blinks!
Lotte's ghost points at you and mumbles some strange words.
The magic dart hits you!
You die...

#.# # #.#
#..#.##.######.
#.......)......
#.....#.########
####. #..55..W.#
# ########.# #.#
#@# #.# ##.#
#..# #.## #.#
#.# #<# #.#


You could see lotte's ghost.

Vanquished Creatures
  Robin (D:2)
  2 adders (D:2)
  2 oozes
  3 worms (D:2)
  A dart slug (D:2)
  A leopard gecko (D:1)
  5 bats
  A giant cockroach (D:3)
  8 goblins
  9 hobgoblins
  2 jackals (D:2)
  2 quokkas (D:2)
  A frilled lizard (D:2)
  A jackal skeleton (D:2)
  7 kobolds
  9 rats
55 creatures vanquished.

Notes
Turn   | Place    | Note
-------+----------+-------------------------------------------
     0 | D:1      | Pyrotika the Minotaur Gladiator began the quest for the Orb.
     0 | D:1      | Reached XP level 1. HP: 18/18 MP: 0/0
    88 | D:1      | Reached skill level 4 in Axes
   244 | D:1      | Reached XP level 2. HP: 16/25 MP: 1/1
   961 | D:2      | Reached skill level 1 in Armour
   961 | D:2      | Reached XP level 3. HP: 30/31 MP: 2/2
  1373 | D:2      | Found a shadowy altar of Dithmenos.
  1668 | D:2      | Noticed Robin
  1673 | D:2      | Reached XP level 4. HP: 28/38 MP: 3/3
  1680 | D:2      | Killed Robin
  1688 | D:2      | Reached skill level 5 in Axes
  2323 | D:3      | Noticed lotte's ghost (weakling DEWz)
  2344 | D:3      | Killed from afar by lotte's ghost

Skill      XL: |  1  2  3  4 |
---------------+-------------+-----
Axes           | 4 5 |  5.1
Fighting       | 3 |  3.4
Armour         | 1 |  1.7
Throwing       | |  2.0
Dodging        | |  3.7
Stealth        | |  0.2

Action                   |  1- 3 |  4- 6 || total
-------------------------+-------+-------++-------
Melee: War axe           |    76 |    38 ||   114
       Headbutt          |    10 |     5 ||    15
 Stab: Sleeping          |       |     1 ||     1
  Eat: Chunk             |     2 |       ||     2
       Ration            |       |     1 ||     1
Armor: Leather armour    |    26 |     3 ||    29
Dodge: Dodged            |    48 |    20 ||    68
